 Dungeon Crawl Stone Soup version 0.28-a0-245-g639a1a48b9 (webtiles) character file.

Game seed: 12418695166767636132

213 siradein the Slasher (level 5, -11/69 HPs)
             Began as a Deep Dwarf Berserker on Aug 25, 2021.
             Was a Believer of Trog.
             Mangled by an ogre (21 damage)
             ... on level 4 of the Dungeon.
             The game lasted 00:05:43 (2513 turns).

siradein the Slasher (Deep Dwarf Berserker)         Turns: 2513, Time: 00:05:44

Health: -11/69     AC:  8    Str: 22    XL:     5   Next: 59%
Magic:  5/5        EV:  8    Int:  7    God:    Trog [**....]
Gold:   127        SH:  0    Dex: 12    Spells: 4/4 levels left

rFire   . . .      SeeInvis .   l - +1 long sword (vorpal)
rCold   . . .      Faith    .   (no shield)
rNeg    . . .      Spirit   .   g - +0 chain mail
rPois   .          Reflect  .   (no helmet)
rElec   .          Harm     .   (no cloak)
rCorr   .          Rampage  .   (no gloves)
Will    ++...                   (no boots)
Stlth   ..........              (no amulet)
HPRegen 1.00/turn               (no ring)
MPRegen 0.09/turn               (no ring)

@: berserking, strong-willed, regenerating, very quick
A: damage resistance, heal wounds, sense surroundings 1, no regeneration
a: Heal Wounds, Renounce Religion, Berserk, Trog's Hand


You were on level 4 of the Dungeon.
You worshipped Trog.
Trog was pleased with you.
You visited 1 branch of the dungeon, and saw 4 of its levels.

You collected 127 gold pieces.

Inventory:

Hand Weapons
 l - a +1 vorpal long sword (weapon)
Armour
 g - a +0 chain mail (worn)
Scrolls
 e - a scroll of magic mapping {unknown}
 h - 2 scrolls of teleportation {unknown}
 i - a scroll of enchant armour {unknown}
 k - a scroll of torment {unknown}
Potions
 b - a potion of cancellation {unknown}
 c - a potion of lignification {unknown}
 d - a potion of haste
 f - a potion of magic {unknown}
 j - a potion of curing {unknown}


   Skills:
 - Level 2.6 Fighting
 + Level 6.4 Long Blades
 - Level 2.1 Armour
 - Level 2.1 Dodging


You had 4 spell levels left.
You didn't know any spells.
Your spell library was empty.

Dungeon Overview and Level Annotations

Branches:
Dungeon (4/15)
 Temple: D:4-7

Altars:

Shops:
D:2 :


Innate Abilities, Weirdness & Mutations

You are resistant to damage.
You can heal yourself by infusing magical energy.
You passively map a small area around you.
You do not regenerate.


Message History

The hobgoblin barely misses you.
You riposte.
The ball python hisses angrily.
You slash the hobgoblin!
You kill the hobgoblin!
Trog accepts your kill.
The ufetubus hits you but does no damage. x2
Your skin crawls.
You feel strong-willed.
The ufetubus hits you but does no damage.
The ufetubus hits you.
You hit the ufetubus.
You kill the ufetubus!
Trog accepts your kill.
Found 17 stones.
The ball python misses you. The ball python barely misses you.
You barely miss the ball python.
The ball python bites you but does no damage.
The ball python grabs you. The ball python constricts you.
The ball python bites you. The ball python constricts you.
You slash the ball python!
You kill the ball python!
Trog accepts your kill.
An ogre comes into view. It is wielding a +0 giant club.
The ogre shouts!
You hit the ogre.
The ogre is lightly wounded.
The ogre hits you with a +0 giant club!
You hit the ogre.
The ogre is moderately wounded.
The ogre hits you with a +0 giant club!
A red film seems to cover your vision as you go berserk!
You feel yourself moving faster!
You feel mighty!
The ogre hits you with a +0 giant club!!
* * * LOW HITPOINT WARNING * * *
You closely miss the ogre.
The ogre is moderately wounded.
You slash the ogre!
The ogre is severely wounded.
The ogre hits you with a +0 giant club!!
You die...

, , , ,, ............... ,
..............., ,
............... ,
.................. *
................(.. *
.....................# # , ,
.............O........#.#,**
.............@........#.* ,
,.......................
...........†..........# *
.............†........###
........................#..
...................<.......#*
*#####..#.###.##.##..##.#..#
#..#.###.##.##...#.#..#*
########.....##...............


You could see an ogre.

Vanquished Creatures
  Terence (D:2)
  2 orc wizards (D:3)
  2 gnolls (D:1)
  4 adders
  An ufetubus (D:4)
  An adder skeleton (D:4)
  A worm (D:3)
  3 orcs (D:3)
  7 endoplasms
  6 giant cockroaches
  4 goblins
  7 hobgoblins
  4 jackals (D:1)
  4 kobolds
  5 quokkas
  5 ball pythons
  4 bats
  2 rats
63 creatures vanquished.

Notes
Turn   | Place    | Note
-------+----------+-------------------------------------------
     0 | D:1      | siradein the Deep Dwarf Berserker began the quest for the
                  | Orb.
     0 | D:1      | Reached XP level 1. HP: 20/20 MP: 1/1
    51 | D:1      | Reached XP level 2. HP: 27/27 MP: 2/2
   296 | D:1      | Reached skill level 4 in Long Blades
   398 | D:1      | Reached XP level 3. HP: 33/33 MP: 3/3
   402 | D:1      | Reached ** piety under Trog
  1114 | D:2      | Noticed Terence
  1144 | D:2      | Killed Terence
  1145 | D:2      | Reached skill level 5 in Long Blades
  1145 | D:2      | Reached XP level 4. HP: 36/40 MP: 4/4
  1238 | D:2      | You fall into a shaft and drop 1 floor!
  1318 | D:2      | Found Maorijam's Book Shop.
  1863 | D:3      | Reached XP level 5. HP: 34/46 MP: 5/5
  1869 | D:3      | Reached skill level 6 in Long Blades
  2188 | D:3      | Found a faded altar of an unknown god.
  2505 | D:4      | Noticed an ogre
  2513 | D:4      | Mangled by an ogre

Illustrated notes

Levels and vault maps discovered:
D:1:      elethiomel_arrival_infinity_welcomes_careful_drivers, layout_basic
D:2:      layout_basic, serial_shops, shop, chequers_serial_rivers_room_a,
          chequers_decorated_corner, minmay_tetromino_s4, uniq_terence
D:3:      layout_loops_ring, shapermc_ecumenical_altar_flowoftime,
          bh_walls_and_bars
D:4:      layout_basic, nicolae_shop_gadgets

Skill      XL: |  1  2  3  4  5 |
---------------+----------------+-----
Long Blades    | 4 5 6 |  6.4
Fighting       | |  2.6
Armour         | |  2.1
Dodging        | |  2.1

Action                   |  1- 3 |  4- 6 || total
-------------------------+-------+-------++-------
Melee: Falchion          |    96 |    92 ||   188
       Long sword        |       |    22 ||    22
Invok: Berserk           |     2 |     1 ||     3
       Trog's Hand       |     2 |     3 ||     5
Armor: Animal skin       |     4 |       ||     4
       Scale mail        |    51 |       ||    51
       Chain mail        |       |    83 ||    83
Dodge: Dodged            |    58 |    51 ||   109
       Rpst.: Falchion   |    17 |    14 ||    31
       Long sword        |       |     2 ||     2

Table legend: (Time is in decaauts)
 A = Elapsed time spent in this place.
 B = Non-inter-level travel time spent in this place.
 C = Inter-level travel time spent in this place.
 D = Time resting spent in this place.
 E = Time spent auto-exploring this place.
 F = Levels seen in this place.
 G = Mean time per level.
                   A        B        C        D        E       F      G
               +--------+--------+--------+--------+--------+-----+--------+
         Total |   2535 |   2489 |     46 |     68 |   1912 |   4 |  633.8 |
       Dungeon |   2535 |   2489 |     46 |     68 |   1912 |   4 |  633.8 |
               +--------+--------+--------+--------+--------+-----+--------+

Top non-repeatable levels by time:
     D:1: 1113 daAuts
     D:3: 721 daAuts
     D:2: 563 daAuts
     D:4: 137 daAuts
